 Dungeon Crawl Stone Soup version 0.29.1-1-gd02db6906a (webtiles) character file.

Game seed: 889702598738330370

106 101zpm the Magician (level 5, -1/35 HPs)
             Began as a Djinni Fire Elementalist on Oct 3, 2022.
             Slain by a hound (2 damage)
             ... on level 4 of the Dungeon.
             The game lasted 00:05:45 (3338 turns).

101zpm the Magician (Djinni Fire Elementalist)      Turns: 3338, Time: 00:05:46

Health: -1/35      AC:  2    Str:  7    XL:     5   Next: 10%
Gold:   119        EV: 12    Int: 18    God:
                   SH:  3    Dex: 14

rFire   + + .      SeeInvis .   (no weapon)
rCold   x . .      Faith    .   c - +0 buckler
rNeg    . . .      Spirit   .   a - +0 robe
rPois   ∞          Reflect  .   (no helmet)
rElec   .          Harm     .   (no cloak)
rCorr   .          Rampage  .   (no gloves)
Will    .....                   (boots unavailable)
Stlth   ++........              (no amulet)
HPRegen 0.11/turn               (no ring)
MPRegen 0.00/turn               (no ring)

@: flying
A: sickness immunity, fire resistance 2, cold vulnerability 1, float, innate
caster, HP casting, extra vitality 1
a: no special abilities


You were on level 4 of the Dungeon.
You visited 1 branch of the dungeon, and saw 4 of its levels.

You collected 119 gold pieces.

Inventory:

Hand Weapons
 m - a +3 morningstar
Armour
 a - a +0 robe (worn)
 c - a +0 buckler (worn)
Scrolls
 d - a scroll of immolation {unknown}
 e - a scroll of silence {unknown}
 g - a scroll of noise {unknown}
 h - a scroll of torment {unknown}
 i - 2 scrolls of amnesia {unknown}
 k - a scroll of teleportation {unknown}
 l - a scroll of enchant armour {unknown}
Potions
 b - a potion of degeneration {unknown}
 f - 2 potions of magic {unknown}
 j - 2 potions of mutation {unknown}


   Skills:
 + Level 2.4 Dodging
 + Level 2.1 Stealth
 + Level 3.9 Spellcasting


You couldn't memorise any spells.
You knew the following spells:

 Your Spells              Type           Power      Damage    Failure   Level
a - Foxfire               Conj/Fire      68%        2x1d7     4%          1
b - Scorch                Fire           34%        2d7       6%          2
c - Conjure Flame         Conj/Fire      17%        6-21      12%         3
d - Inner Flame           Hex/Fire       17%        N/A       12%         3
e - Flame Wave            Conj/Fire      17%        2d7       36%         4
f - Beastly Appendage     Tmut           34%        N/A       4%          1
g - Poisonous Vapours     Pois/Air       34%        N/A       6%          2
Your spell library was empty.

Dungeon Overview and Level Annotations

Branches:
Dungeon (4/15)
 Temple: D:4-7

Altars:


Innate Abilities, Weirdness & Mutations

You are immune to sickness and miasma.
You are immune to poison.
Your flesh is very heat resistant. (rF++)
You are vulnerable to cold. (rC-)
You float through the air rather than walking.
You learn spells naturally, not from books.
Your magical power is your life essence.
You have superior vitality. (+4 MHP)


Message History

The hound barely misses you. The hound attacks as you move away!
The hound closely misses you. The hound bites you.
The hound attacks as you move away! The hound closely misses you.
The hound barely misses you. The hound attacks as you move away!
The hound closely misses you.
The hound looks more healthy.
The hound attacks as you move away! The hound barely misses you.
The hound closely misses you. The hound closely misses you.
The hound attacks as you move away! The hound bites you but does no damage.
You block the hound's attack. The hound bites you but does no damage.
The hound attacks as you move away!
The hound bites you but does no damage. x2
The hound attacks as you move away! The hound bites you but does no damage.
The hound bites you. The hound misses you. The hound attacks as you move away!
The hound barely misses you. The hound misses you.
Casting: Scorch (safe; 6% risk of failure)
Confirm with . or Enter, or press ? or * to list all spells.
Flames lash the hound.
The hound is heavily wounded.
The hound's fire resistance burns away.
The hound bites you.
* * * LOW HITPOINT WARNING * * *
Casting: Scorch (safe; 6% risk of failure)
Confirm with . or Enter, or press ? or * to list all spells.
Aiming: Poisonous Vapours (safe; 6% risk of failure)
Press: ? - help, Dir - move target, f/p - hound
Aim: a hound (heavily wounded, more vulnerable to fire) Poisonous vapours surround the hound!
The hound is poisoned.
* * * LOW HITPOINT WARNING * * *
The hound bites you.
* * * LOW HITPOINT WARNING * * *
The hound closely misses you. The hound attacks as you move away!
The hound bites you.
* * * LOW HITPOINT WARNING * * *
The hound is no longer more vulnerable to fire.
The hound bites you.
You die...

..............
..............
............. .....).)....
#.#††....... ###...<.).....
#..<..........
.......#.........##
...##.###.@.......
....#####.h#.>##.###
.....#.#.Y##..#....##
#......##...#.>...# ...
###................
.....####................#
..................###..#.##
...............#...# ##
........#......#..##


You could see a yak and a hound (poisoned).

Vanquished Creatures
  An orc priest (D:4)
  A gnoll (D:4)
  2 adders (D:2)
  A worm (D:2)
  3 orcs
  A bat (D:2)
  5 endoplasms
  3 giant cockroaches
  3 goblins
  4 hobgoblins
  5 jackals
  2 kobolds
  2 quokkas
  A ball python (D:1)
  3 frilled lizards
  2 rats
39 creatures vanquished.

Vanquished Creatures (others)
  142 foxfires
142 creatures vanquished.

Grand Total: 181 creatures vanquished

Notes
Turn   | Place    | Note
-------+----------+-------------------------------------------
     0 | D:1      | 101zpm the Djinni Fire Elementalist began the quest for the
                  | Orb.
     0 | D:1      | 101zpm set off with the following spells memorised:
                  | Foxfire, Scorch, Conjure Flame, Inner Flame, Flame Wave.
     0 | D:1      | Reached XP level 1. HP: 15/15 MP: 0/0
   545 | D:1      | Reached XP level 2. HP: 15/21 MP: 0/0
  1387 | D:3      | Reached skill level 3 in Spellcasting
  1387 | D:3      | Reached XP level 3. HP: 4/25 MP: 0/0
  1387 | D:3      | Learned a level 1 spell: Beastly Appendage
  1864 | D:2      | Found a faded altar of an unknown god.
  2377 | D:2      | Reached XP level 4. HP: 26/31 MP: 0/0
  3308 | D:4      | Noticed a yak
  3309 | D:4      | Reached XP level 5. HP: 31/35 MP: 0/0
  3309 | D:4      | Learned a level 2 spell: Poisonous Vapours
  3337 | D:4      | HP: 1/35 [hound (5)]
  3338 | D:4      | Slain by a hound

Illustrated notes

Levels and vault maps discovered:
D:1:      lightli_arrival_isolated_outpost, layout_basic,
          minmay_misc_feat_hallway, minmay_misc_feat_roman
D:2:      layout_loops_corners, hellmonk_ecumenical_altar_run_dry
D:3:      layout_loops_cross, mainiacjoe_overflow_large_starburst,
          minmay_fractal_squares_5, uniq_sigmund, uniq_natasha, uniq_terence
D:4:      layout_cave_pools, fedhas_altar_4, minmay_manual_maat

Skill      XL: |  1  2  3 |
---------------+----------+-----
Spellcasting   | 3 |  3.9
Stealth        | 2 |  2.1
Dodging        | |  2.4

Action                   |  1- 3 |  4- 6 || total
-------------------------+-------+-------++-------
 Cast: Foxfire           |    61 |    24 ||    85
       Scorch            |    10 |     6 ||    16
       Poisonous Vapours |       |     2 ||     2
Armor: Robe              |     2 |     5 ||     7
Dodge: Dodged            |     2 |    12 ||    14
Block: Buckler           |       |     1 ||     1
